Oilers vs Wild

Created - Wednesday, October 28, 2015 at 02:05

Goals
1 2 3 OT1 SO T
Oilers 0 1 1 0 3 3
Wild 0 1 1 0 2 2
Shots
1 2 3 OT1 SO T
Oilers 10 8 8 3 7 29
Wild 6 17 10 2 7 35

1st period

No Goal

Penalties :
Brad Marchand (Min) for Roughing (Minor) at 0:53, Brayden McNabb (Edm) for Tripping (Minor) at 7:09, Chris Kunitz (Min) for Hooking (Minor) at 13:25, Jamie McGinn (Edm) for Hooking (Minor) at 19:42

2nd period

1. Wild , Bryce Salvador 1 (Marcus Johansson, Jordan Eberle) at 8:54
2. Oilers , Andrew Ladd 8 (Brayden Schenn) at 13:33

Penalties :
Brayden McNabb (Edm) for Holding (Minor) at 2:53, Cody McCormick (Min) for Tripping (Minor) at 3:29, Brad Marchand (Min) for Holding (Minor) at 14:47

3rd period

3. Oilers , Brayden Schenn 5 (David Desharnais) at 18:31 (PP)
4. Wild , Jordan Eberle 2 (Chris Kunitz, Mark Streit) at 19:28

Penalties :
Cody McCormick (Min) for Holding (Minor) at 7:25, Darren Helm (Edm) for Hooking (Minor) at 7:33, Jonathan Ericsson (Min) for Hooking (Minor) at 18:27, Cody Franson (Min) for Boarding (Minor) at 19:45

Overtime #1

No Goal

Penalties :
No Penalty

Shootout

Penalty Shot by David Desharnais for Oilers - Stopped by Ryan Miller
Penalty Shot by Jordan Eberle for Wild - Stopped by Jaroslav Halak
Penalty Shot by Andrew Ladd for Oilers - Goal!
Penalty Shot by Chris Kunitz for Wild - Goal!
Penalty Shot by Darren Helm for Oilers - Stopped by Ryan Miller
Penalty Shot by Max Talbot for Wild - Stopped by Jaroslav Halak
Penalty Shot by Nick Bonino for Oilers - Goal!
Penalty Shot by Brad Marchand for Wild - Goal!
Penalty Shot by Nicklas Backstrom for Oilers - Stopped by Ryan Miller
Penalty Shot by Cody McCormick for Wild - Shot Misses the Net
Penalty Shot by Patrick Marleau for Oilers - Stopped by Ryan Miller
Penalty Shot by Thomas Vanek for Wild - Stopped by Jaroslav Halak
Penalty Shot by Henrik Zetterberg for Oilers - Goal!
Penalty Shot by Tuomo Ruutu for Wild - Shot Misses the Net

Penalties :
No Penalty

Goalie Stats

Jaroslav Halak (Edm), 33 saves from 35 shots - (0.943), W, 5-2-1, 65:00 minutes
Ryan Miller (Min), 27 saves from 29 shots - (0.931), OTL, 4-3-2, 64:32 minutes

Players Stats for Oilers

Player Name              G  A  P  +/- PIM S  H  SB GA TA FO     MP     PP MP  PK MP  
------------------------------------------------------------------------------------
Andrew Ladd              1  0  1   0  0   4  2  0  3  0  0/1    21:15   2:56   2:26 
Andrew MacDonald         0  0  0  -1  0   0  0  3  1  1  0/0    21:39   0:25   1:46 
Brayden McNabb           0  0  0   1  4   0  1  0  0  2  0/0    11:59   0:06   0:00 
Brayden Schenn           1  1  2   1  0   3  1  0  5  0  1/1    14:00   4:22   0:00 
Darren Helm              0  0  0   0  2   7  0  1  2  0  1/2    21:57   2:10   2:08 
David Desharnais         0  1  1   0  0   2  1  1  4  0  6/13   19:00   4:03   0:08 
Henrik Zetterberg        0  0  0   0  0   2  3  3  1  0  10/16  25:49   2:05   2:16 
Jamie McGinn             0  0  0   0  2   1  1  0  0  2  0/1    12:03   0:12   0:00 
Jannik Hansen            0  0  0   0  0   0  0  0  0  0  0/0     1:22   0:00   0:00 
Jason Demers             0  0  0  -1  0   1  1  1  0  1  0/0    24:08   2:22   1:46 
Lars Eller               0  0  0   0  0   0  0  0  0  0  0/0     0:00   0:00   0:00 
Nick Bonino              0  0  0  -2  0   0  0  0  3  2  4/5    22:05   4:03   2:26 
Nicklas Backstrom        0  0  0  -1  0   1  2  0  3  0  10/16  23:17   2:56   0:00 
Niklas Hjalmarsson       0  0  0  -1  0   2  3  2  1  1  0/0    29:06   4:37   2:56 
Patrick Marleau          0  0  0  -1  0   3  1  0  2  1  1/2    21:01   4:37   0:00 
Ryan McDonagh            0  0  0  -1  0   2  0  0  0  1  0/0    24:07   0:00   2:56 
Taylor Fedun             0  0  0   1  0   0  0  1  1  0  0/0    11:45   0:00   0:00 
Trevor Lewis             0  0  0   0  0   1  1  1  0  0  1/1     7:22   0:00   0:00 

Players Stats for Wild

Player Name              G  A  P  +/- PIM S  H  SB GA TA FO     MP     PP MP  PK MP  
------------------------------------------------------------------------------------
Brad Marchand            0  0  0   0  4   1  4  0  2  0  1/1    19:21   1:30   1:33 
Bryce Salvador           1  0  1   1  0   4  1  1  0  1  0/0    19:07   0:00   6:11 
Chris Kunitz             0  1  1   2  2   3  3  1  3  1  1/4    23:26   2:20   3:03 
Cody Franson             0  0  0   0  2   3  4  1  1  2  0/0    25:37   2:53   1:38 
Cody McCormick           0  0  0  -1  4   0  2  0  0  0  8/13   20:52   2:27   5:16 
Dale Weise               0  0  0   0  0   1  0  0  0  1  1/1     8:36   0:00   0:00 
Derek Stepan             0  0  0   0  0   2  1  0  0  1  8/15   15:45   0:00   0:00 
Jonathan Ericsson        0  0  0   1  2   0  3  0  1  0  0/0    17:13   1:49   0:00 
Jordan Eberle            1  1  2   2  0   2  0  0  1  1  0/0    12:26   0:52   0:00 
Luke Schenn              0  0  0   0  0   5  4  1  0  0  0/0    24:59   1:49   2:16 
Marcus Johansson         0  1  1   2  0   7  1  0  2  0  3/17   19:25   2:20   3:15 
Marek Zidlicky           0  0  0   0  0   0  1  0  0  2  0/0    14:27   0:00   0:55 
Mark Streit              0  1  1   0  0   2  0  2  1  3  0/0    28:33   2:53   6:28 
Mason Raymond            0  0  0  -1  0   0  0  0  2  0  0/0    11:54   2:14   0:00 
Max Talbot               0  0  0   0  0   1  0  0  0  1  1/4    13:09   0:08   2:36 
Patrik Elias             0  0  0  -1  0   1  0  0  1  1  0/2    11:54   2:14   0:00 
Thomas Vanek             0  0  0   0  0   2  1  0  2  0  1/1    12:30   0:00   0:00 
Tuomo Ruutu              0  0  0   0  0   1  0  0  0  0  0/0     8:36   0:00   0:00 

3 Stars

1 - Jordan Eberle (Min)
2 - Brayden Schenn (Edm)
3 - Bryce Salvador (Min)

Power Play

Oilers - 1 on 7 Attempt(s) - 14.29%
Wild - 0 on 4 Attempt(s) - 0.00%

Penalty Kill

Oilers - 4 on 4 Attempt(s) - 100.00% - Score 0 goal in Penalty Kill
Wild - 6 on 7 Attempt(s) - 85.71% - Score 0 goal in Penalty Kill

Team Stat

Oilers - Hits : 17 - Faceoff Wins : 34 - Blocked Shots : 13 - Penalty Minutes : 8
Wild - Hits : 25 - Faceoff Wins : 24 - Blocked Shots : 6 - Penalty Minutes : 14

Official

Referees : Unknown
Linesman : Unknown

Game Notes

Jannik Hansen is injured at 9:26 of 1st period (Strained Right Knee)
10:59 of 3rd period - Oilers goal is going for a video replay. After video review, No Goal. The puck has been directed, batted or thrown into the net by an attacking player other than with a stick.

Finance

Level 1 -- Attendance: 4496 (74.93%) -- Ticket Income $449,600
Level 2 -- Attendance: 3829 (76.58%) -- Ticket Income $229,740
Level 3 -- Attendance: 1408 (70.40%) -- Ticket Income $49,280
Level 4 -- Attendance: 2896 (72.40%) -- Ticket Income $57,920
Luxury Box -- Attendance: 660 (66.00%) -- Ticket Income $132,000
Game was played at the Xcel Energy Center.
Total Attendance: 13289 (73.83%)
Total Ticket Income: $918,540
Other Income: $450,085
Total Income: $1,368,625

Oilers

5 vs 5 Forward 
   Center                   Left Wing                Right Wing               Time % Phy DF OF 
 1 Henrik Zetterberg        Andrew Ladd              Brayden Schenn           30     1   1  3  
 2 Nicklas Backstrom        Nick Bonino              Patrick Marleau          30     1   1  3  
 3 David Desharnais         Darren Helm              Jannik Hansen            20     1   2  2  
 4 Henrik Zetterberg        Trevor Lewis             Jamie McGinn             20     1   2  2  

5 vs 5 Defense 
   Defense                  Defense                                           Time % Phy DF OF 
 1 Ryan McDonagh            Niklas Hjalmarsson                                35     1   4  0  
 2 Jason Demers             Andrew MacDonald                                  30     1   4  0  
 3 Brayden McNabb           Taylor Fedun                                      20     1   4  0  
 4 Ryan McDonagh            Niklas Hjalmarsson                                15     1   4  0  

PowerPlay Forward 
   Center                   Left Wing                Right Wing               Time % Phy DF OF 
 1 Nicklas Backstrom        Andrew Ladd              Henrik Zetterberg        60     1   0  4  
 2 David Desharnais         Nick Bonino              Brayden Schenn           40     1   0  4  

PowerPlay Defense
   Defense                  Defense                                           Time % Phy DF OF 
 1 Niklas Hjalmarsson       Patrick Marleau                                   60     1   2  2  
 2 Jason Demers             Darren Helm                                       40     1   2  2  

Penalty Kill 4 Players Forward 
   Center                   Wing                     Time % Phy DF OF 
 1 Henrik Zetterberg        Darren Helm              50     1   4  0  
 2 Nick Bonino              Andrew Ladd              50     1   4  0  

Penalty Kill 4 Players Defense
   Defense                  Defense                  Time % Phy DF OF 
 1 Ryan McDonagh            Niklas Hjalmarsson       60     1   4  0  
 2 Jason Demers             Andrew MacDonald         40     1   4  0  

Penalty Kill - 3 Players Forward 
   Forward                                           Time % Phy DF OF 
 1 Nick Bonino                                       60     1   4  0  
 2 Lars Eller                                        40     1   4  0  

Penalty Kill - 3 Players Defense
   Defense                  Defense                  Time % Phy DF OF 
 1 Brayden McNabb           Niklas Hjalmarsson       60     1   4  0  
 2 Jason Demers             Andrew MacDonald         40     1   4  0  

4 vs 4 Forward 
   Center                   Wing                     Time % Phy DF OF 
 1 Nicklas Backstrom        Andrew Ladd              60     1   0  4  
 2 Henrik Zetterberg        Patrick Marleau          40     1   0  4  

4 vs 4 Defense
   Defense                  Defense                  Time % Phy DF OF 
 1 Ryan McDonagh            Niklas Hjalmarsson       60     1   4  0  
 2 Jason Demers             Andrew MacDonald         40     1   4  0  

Last Minutes Offensive
   Center                   Left Wing                Right Wing               Defense                  Defense                  
   Nicklas Backstrom        Andrew Ladd              Henrik Zetterberg        Ryan McDonagh            Patrick Marleau          

Last Minutes Defensive
   Center                   Left Wing                Right Wing               Defense                  Defense                  
   Nick Bonino              Andrew Ladd              Darren Helm              Ryan McDonagh            Niklas Hjalmarsson       

Goaltenders
Starting : Jaroslav Halak           
Backup : Jeremy Smith             

Extra Forwards
Normal : Henrik Zetterberg, Darren Helm, David Desharnais - PP : Brayden Schenn, Patrick Marleau - PK : Patrick Marleau
Extra Defensemen
Normal : Brayden McNabb, Niklas Hjalmarsson, Jason Demers - PP : Brayden McNabb - PK : Niklas Hjalmarsson, Jason Demers
Penalty Shots
David Desharnais, Andrew Ladd, Darren Helm, Nick Bonino, Nicklas Backstrom

Wild

5 vs 5 Forward 
   Center                   Left Wing                Right Wing               Time % Phy DF OF 
 1 Marcus Johansson         Chris Kunitz             Jordan Eberle            35     1   2  2  
 2 Derek Stepan             Brad Marchand            Thomas Vanek             30     1   2  2  
 3 Cody McCormick           Patrik Elias             Mason Raymond            22     1   2  2  
 4 Max Talbot               Tuomo Ruutu              Dale Weise               13     1   2  2  

5 vs 5 Defense 
   Defense                  Defense                                           Time % Phy DF OF 
 1 Cody Franson             Mark Streit                                       35     1   2  2  
 2 Luke Schenn              Marek Zidlicky                                    30     1   2  2  
 3 Jonathan Ericsson        Bryce Salvador                                    22     1   2  2  
 4 Cody Franson             Luke Schenn                                       13     1   2  2  

PowerPlay Forward 
   Center                   Left Wing                Right Wing               Time % Phy DF OF 
 1 Marcus Johansson         Chris Kunitz             Cody McCormick           60     1   2  2  
 2 Patrik Elias             Brad Marchand            Mason Raymond            40     1   2  2  

PowerPlay Defense
   Defense                  Defense                                           Time % Phy DF OF 
 1 Cody Franson             Mark Streit                                       60     1   2  2  
 2 Luke Schenn              Jonathan Ericsson                                 40     1   2  2  

Penalty Kill 4 Players Forward 
   Center                   Wing                     Time % Phy DF OF 
 1 Cody McCormick           Chris Kunitz             60     1   2  2  
 2 Max Talbot               Brad Marchand            40     1   2  2  

Penalty Kill 4 Players Defense
   Defense                  Defense                  Time % Phy DF OF 
 1 Bryce Salvador           Mark Streit              60     1   2  2  
 2 Luke Schenn              Cody Franson             40     1   2  2  

Penalty Kill - 3 Players Forward 
   Forward                                           Time % Phy DF OF 
 1 Cody McCormick                                    60     1   2  2  
 2 Chris Kunitz                                      40     1   2  2  

Penalty Kill - 3 Players Defense
   Defense                  Defense                  Time % Phy DF OF 
 1 Bryce Salvador           Mark Streit              60     1   2  2  
 2 Luke Schenn              Cody Franson             40     1   2  2  

4 vs 4 Forward 
   Center                   Wing                     Time % Phy DF OF 
 1 Cody McCormick           Chris Kunitz             60     1   2  2  
 2 Marcus Johansson         Brad Marchand            40     1   2  2  

4 vs 4 Defense
   Defense                  Defense                  Time % Phy DF OF 
 1 Cody Franson             Mark Streit              60     1   2  2  
 2 Luke Schenn              Jonathan Ericsson        40     1   2  2  

Last Minutes Offensive
   Center                   Left Wing                Right Wing               Defense                  Defense                  
   Marcus Johansson         Chris Kunitz             Jordan Eberle            Cody Franson             Mark Streit              

Last Minutes Defensive
   Center                   Left Wing                Right Wing               Defense                  Defense                  
   Cody McCormick           Patrik Elias             Max Talbot               Bryce Salvador           Luke Schenn              

Goaltenders
Starting : Ryan Miller              
Backup : Niklas Backstrom         

Extra Forwards
Normal : Derek Stepan, Max Talbot, Chris Kunitz - PP : Jordan Eberle, Max Talbot - PK : Marcus Johansson
Extra Defensemen
Normal : Cody Franson, Jonathan Ericsson, Luke Schenn - PP : Jonathan Ericsson - PK : Marek Zidlicky, Luke Schenn
Penalty Shots
Jordan Eberle, Chris Kunitz, Max Talbot, Brad Marchand, Cody McCormick

% Time on Ice - Oilers

Lines # - Real PCT - Wanted PCT - Time Play
Normal Forward
1 - 24% - 30% - 10:40
2 - 34% - 30% - 15:10
3 - 26% - 20% - 11:27
4 - 16% - 20% - 7:22
Normal Defense
1 - 33% - 35% - 14:51
2 - 36% - 30% - 15:56
3 - 26% - 20% - 11:45
4 - 5% - 15% - 2:07
PP Forward
1 - 42% - 60% - 2:56
2 - 58% - 40% - 4:03
PP Defense
1 - 66% - 60% - 4:37
2 - 34% - 40% - 2:22
PK Forward
1 - 48% - 50% - 2:16
2 - 52% - 50% - 2:26
PK Defense
1 - 62% - 60% - 2:56
2 - 38% - 40% - 1:46
PK3 Forward
1 - 0% - 60%
2 - 0% - 40%
PK3 Defense
1 - 0% - 60%
2 - 0% - 40%
44 Forward
1 - 91% - 60% - 7:28
2 - 9% - 40% - 0:46
44 Defense
1 - 51% - 60% - 4:10
2 - 49% - 40% - 4:04
Last Minute Offensive  - 0:00
Last Minute Defensive  - 0:26
Total
Forward - 65:00
Defense - 65:00

% Time on Ice - Wild

Lines # - Real PCT - Wanted PCT - Time Play
Normal Forward
1 - 31% - 35% - 13:52
2 - 29% - 30% - 12:48
3 - 21% - 22% - 9:23
4 - 19% - 13% - 8:36
Normal Defense
1 - 33% - 35% - 14:49
2 - 34% - 30% - 14:59
3 - 26% - 22% - 11:27
4 - 8% - 13% - 3:24
PP Forward
1 - 52% - 60% - 2:28
2 - 48% - 40% - 2:14
PP Defense
1 - 61% - 60% - 2:53
2 - 39% - 40% - 1:49
PK Forward
1 - 79% - 60% - 5:32
2 - 21% - 40% - 1:27
PK Defense
1 - 81% - 60% - 5:38
2 - 19% - 40% - 1:21
PK3 Forward
1 - 100% - 60% - 1:45
2 - 0% - 40% - 0:00
PK3 Defense
1 - 48% - 60% - 0:50
2 - 52% - 40% - 0:55
44 Forward
1 - 85% - 60% - 5:29
2 - 15% - 40% - 1:00
44 Defense
1 - 61% - 60% - 3:58
2 - 39% - 40% - 2:31
Last Minute Offensive  - 0:26
Last Minute Defensive  - 0:00
Total
Forward - 65:00
Defense - 65:00

Play by Play

1st period


0:01 of 1st period - Henrik Zetterberg wins face-off versus Marcus Johansson in neutral zone.
0:18 of 1st period - Backhand shot by Andrew Ladd.
0:18 of 1st period - Shot Misses the Net.
0:20 of 1st period - Slapshot by Niklas Hjalmarsson.
0:20 of 1st period - Deflect By Andrew Ladd.
0:20 of 1st period - Stopped by Ryan Miller with a rebound.
0:22 of 1st period - Slapshot by Ryan McDonagh.
0:22 of 1st period - Shot Misses the Net.
0:36 of 1st period - Snap shot by Brayden Schenn.
0:36 of 1st period - Shot Misses the Net.
0:38 of 1st period - Snap shot by Ryan McDonagh.
0:38 of 1st period - Stopped by Ryan Miller without a rebound.
0:39 of 1st period - Nick Bonino wins face-off versus Derek Stepan in Wild zone.
0:53 of 1st period - Minor Penalty to Brad Marchand for Roughing.
0:54 of 1st period - Cody McCormick wins face-off versus Nicklas Backstrom in Wild zone.
2:51 of 1st period - Cody McCormick is hit by Henrik Zetterberg and loses puck.
2:53 of 1st period - Penalty to Brad Marchand is over, Brad Marchand is back on ice.
3:57 of 1st period - Wrist shot by Luke Schenn.
3:57 of 1st period - Stopped by Jaroslav Halak without a rebound.
3:58 of 1st period - Max Talbot wins face-off versus Nicklas Backstrom in Oilers zone.
3:59 of 1st period - Snap shot by Marek Zidlicky.
3:59 of 1st period - Shot Blocked by Jason Demers.
4:17 of 1st period - Snap shot by Patrick Marleau.
4:17 of 1st period - Stopped by Ryan Miller with a rebound.
4:33 of 1st period - Snap shot by Darren Helm.
4:33 of 1st period - Stopped by Ryan Miller without a rebound.
4:34 of 1st period - David Desharnais wins face-off versus Derek Stepan in Wild zone.
4:46 of 1st period - Wrist shot by Darren Helm.
4:46 of 1st period - Stopped by Ryan Miller with a rebound.
7:09 of 1st period - Minor Penalty to Brayden McNabb for Tripping.
7:10 of 1st period - Marcus Johansson wins face-off versus Nick Bonino in Oilers zone.
7:57 of 1st period - Icing by Patrik Elias.
7:58 of 1st period - Nick Bonino wins face-off versus Patrik Elias in Wild zone.
8:32 of 1st period - Wrist shot by Marcus Johansson.
8:32 of 1st period - Stopped by Jaroslav Halak without a rebound.
8:33 of 1st period - Henrik Zetterberg wins face-off versus Marcus Johansson in Oilers zone.
9:09 of 1st period - Penalty to Brayden McNabb is over, Brayden McNabb is back on ice.
9:12 of 1st period - Darren Helm is hit by Brad Marchand and loses puck.
9:25 of 1st period - Jannik Hansen is hit by Brad Marchand and loses puck.
9:26 of 1st period - Jannik Hansen from Oilers is injured at 9:26 of 1st period (Strained Right Knee).
9:27 of 1st period - Henrik Zetterberg wins face-off versus Cody McCormick in Oilers zone.
9:36 of 1st period - Niklas Hjalmarsson is hit by Jonathan Ericsson.
10:39 of 1st period - Wrist shot by Jordan Eberle.
10:39 of 1st period - Shot Blocked by Andrew MacDonald.
10:41 of 1st period - Slapshot by Luke Schenn.
10:41 of 1st period - Shot Misses the Net.
10:43 of 1st period - Wrist shot by Marcus Johansson.
10:43 of 1st period - Shot Misses the Net.
11:14 of 1st period - Slapshot by Henrik Zetterberg.
11:14 of 1st period - Stopped by Ryan Miller with a rebound.
11:22 of 1st period - Luke Schenn is hit by David Desharnais and loses puck.
11:46 of 1st period - Dale Weise is hit by Henrik Zetterberg and loses puck.
12:07 of 1st period - Snap shot by Tuomo Ruutu.
12:07 of 1st period - Shot Blocked by Andrew MacDonald.
12:45 of 1st period - Darren Helm is hit by Cody Franson and loses puck.
12:52 of 1st period - Patrik Elias is hit by Trevor Lewis and loses puck.
13:25 of 1st period - Minor Penalty to Chris Kunitz for Hooking.
13:26 of 1st period - Cody McCormick wins face-off versus David Desharnais in Wild zone.
14:07 of 1st period - Bryce Salvador is hit by Andrew Ladd.
14:11 of 1st period - Nicklas Backstrom is hit by Cody McCormick and loses puck.
14:32 of 1st period - Slapshot by Brayden Schenn.
14:32 of 1st period - Stopped by Ryan Miller with a rebound.
14:34 of 1st period - Snap shot by Nick Bonino.
14:34 of 1st period - Shot Blocked by Mark Streit.
15:25 of 1st period - Penalty to Chris Kunitz is over, Chris Kunitz is back on ice.
15:42 of 1st period - Off-side.
15:43 of 1st period - Trevor Lewis wins face-off versus Marcus Johansson in neutral zone.
16:09 of 1st period - Off-side.
16:10 of 1st period - Derek Stepan wins face-off versus David Desharnais in neutral zone.
16:27 of 1st period - Wrist shot by Thomas Vanek.
16:27 of 1st period - Deflect By Derek Stepan.
16:27 of 1st period - Deflect By Ryan McDonagh.
16:27 of 1st period - Shot Misses the Net.
16:27 of 1st period - Puck is out of play.
16:28 of 1st period - Henrik Zetterberg wins face-off versus Derek Stepan in Oilers zone.
17:24 of 1st period - Snap shot by Henrik Zetterberg.
17:24 of 1st period - Stopped by Ryan Miller with a rebound.
17:26 of 1st period - Wrist shot by Darren Helm.
17:26 of 1st period - Stopped by Ryan Miller with a rebound.
17:28 of 1st period - Snap shot by Darren Helm.
17:28 of 1st period - Deflect By Brad Marchand.
17:28 of 1st period - Stopped by Ryan Miller without a rebound.
17:29 of 1st period - David Desharnais wins face-off versus Max Talbot in Wild zone.
17:44 of 1st period - Snap shot by Dale Weise.
17:44 of 1st period - Stopped by Jaroslav Halak without a rebound.
17:45 of 1st period - Nicklas Backstrom wins face-off versus Max Talbot in Oilers zone.
18:31 of 1st period - Andrew MacDonald is hit by Marcus Johansson.
18:35 of 1st period - Andrew MacDonald is hit by Jonathan Ericsson and loses puck.
18:44 of 1st period - Slapshot by Marcus Johansson.
18:44 of 1st period - Stopped by Jaroslav Halak with a rebound.
18:46 of 1st period - Snap shot by Marcus Johansson.
18:46 of 1st period - Shot Misses the Net.
18:48 of 1st period - Slapshot by Cody Franson.
18:48 of 1st period - Stopped by Jaroslav Halak with a rebound.
18:50 of 1st period - Slapshot by Cody Franson.
18:50 of 1st period - Stopped by Jaroslav Halak without a rebound.
18:51 of 1st period - Cody McCormick wins face-off versus David Desharnais in Oilers zone.
18:56 of 1st period - Snap shot by Patrik Elias.
18:56 of 1st period - Shot Misses the Net.
19:42 of 1st period - Minor Penalty to Jamie McGinn for Hooking.
19:43 of 1st period - Nick Bonino wins face-off versus Marcus Johansson in Oilers zone.
Goals for this period are 0 for Oilers vs 0 for Wild.
Shots for this period are 10 for Oilers vs 6 for Wild.

2nd period


0:01 of 2nd period - Cody McCormick wins face-off versus Henrik Zetterberg in neutral zone.
0:15 of 2nd period - Slapshot by Darren Helm.
0:15 of 2nd period - Stopped by Ryan Miller without a rebound.
0:16 of 2nd period - Henrik Zetterberg wins face-off versus Marcus Johansson in Wild zone.
1:33 of 2nd period - Snap shot by Andrew Ladd.
1:33 of 2nd period - Stopped by Ryan Miller with a rebound.
1:42 of 2nd period - Penalty to Jamie McGinn is over, Jamie McGinn is back on ice.
2:41 of 2nd period - Slapshot by Marek Zidlicky.
2:41 of 2nd period - Shot Misses the Net.
2:53 of 2nd period - Minor Penalty to Brayden McNabb for Holding.
2:54 of 2nd period - Henrik Zetterberg wins face-off versus Patrik Elias in Oilers zone.
3:29 of 2nd period - Minor Penalty to Cody McCormick for Tripping.
3:30 of 2nd period - Nicklas Backstrom wins face-off versus Derek Stepan in Wild zone.
3:47 of 2nd period - Snap shot by Chris Kunitz.
3:47 of 2nd period - Shot Misses the Net.
4:19 of 2nd period - Jason Demers is hit by Luke Schenn and loses puck.
4:53 of 2nd period - Penalty to Brayden McNabb is over, Brayden McNabb is back on ice.
5:25 of 2nd period - Icing by Nick Bonino.
5:26 of 2nd period - David Desharnais wins face-off versus Marcus Johansson in Oilers zone.
5:26 of 2nd period - David Desharnais is hit by Bryce Salvador.
5:29 of 2nd period - Penalty to Cody McCormick is over, Cody McCormick is back on ice.
6:08 of 2nd period - Wrist shot by Trevor Lewis.
6:08 of 2nd period - Shot Blocked by Bryce Salvador.
6:10 of 2nd period - Wrist shot by Trevor Lewis.
6:10 of 2nd period - Stopped by Ryan Miller without a rebound.
6:11 of 2nd period - David Desharnais wins face-off versus Max Talbot in Wild zone.
7:44 of 2nd period - Icing by Ryan McDonagh.
7:45 of 2nd period - Derek Stepan wins face-off versus David Desharnais in Oilers zone.
7:58 of 2nd period - Snap shot by Brad Marchand.
7:58 of 2nd period - Shot Blocked by Niklas Hjalmarsson.
8:00 of 2nd period - Slapshot by Cody Franson.
8:00 of 2nd period - Shot Blocked by Niklas Hjalmarsson.
8:02 of 2nd period - Slapshot by Cody Franson.
8:02 of 2nd period - Shot Misses the Net.
8:28 of 2nd period - Wrist shot by Jordan Eberle.
8:28 of 2nd period - Stopped by Jaroslav Halak without a rebound.
8:29 of 2nd period - Nicklas Backstrom wins face-off versus Chris Kunitz in Oilers zone.
8:52 of 2nd period - Snap shot by Marcus Johansson.
8:52 of 2nd period - Stopped by Jaroslav Halak with a rebound.
8:54 of 2nd period - Slapshot by Bryce Salvador.
8:54 of 2nd period - Goal by Bryce Salvador - Oilers : 0 - Wild : 1.
8:55 of 2nd period - Cody McCormick wins face-off versus Henrik Zetterberg in neutral zone.
10:02 of 2nd period - Ryan McDonagh is hit by Derek Stepan and loses puck.
10:15 of 2nd period - Patrick Marleau is hit by Brad Marchand and loses puck.
10:36 of 2nd period - Luke Schenn is hit by Brayden McNabb and loses puck.
10:45 of 2nd period - Wrist shot by Marcus Johansson.
10:45 of 2nd period - Stopped by Jaroslav Halak with a rebound.
10:47 of 2nd period - Snap shot by Luke Schenn.
10:47 of 2nd period - Stopped by Jaroslav Halak without a rebound.
10:48 of 2nd period - Dale Weise wins face-off versus David Desharnais in Oilers zone.
11:22 of 2nd period - Wrist shot by Max Talbot.
11:22 of 2nd period - Shot Blocked by David Desharnais.
11:24 of 2nd period - Wrist shot by Max Talbot.
11:24 of 2nd period - Stopped by Jaroslav Halak without a rebound.
11:25 of 2nd period - Chris Kunitz wins face-off versus Nicklas Backstrom in Oilers zone.
11:28 of 2nd period - Wrist shot by Marcus Johansson.
11:28 of 2nd period - Stopped by Jaroslav Halak with a rebound.
11:30 of 2nd period - Slapshot by Luke Schenn.
11:30 of 2nd period - Stopped by Jaroslav Halak without a rebound.
11:31 of 2nd period - Nicklas Backstrom wins face-off versus Marcus Johansson in Oilers zone.
11:50 of 2nd period - Snap shot by Chris Kunitz.
11:50 of 2nd period - Stopped by Jaroslav Halak with a rebound.
11:52 of 2nd period - Slapshot by Luke Schenn.
11:52 of 2nd period - Deflect By Nick Bonino.
11:52 of 2nd period - Stopped by Jaroslav Halak with a rebound.
11:54 of 2nd period - Snap shot by Luke Schenn.
11:54 of 2nd period - Shot Blocked by Andrew MacDonald.
11:56 of 2nd period - Snap shot by Marcus Johansson.
11:56 of 2nd period - Deflect By Nick Bonino.
11:56 of 2nd period - Stopped by Jaroslav Halak with a rebound.
11:58 of 2nd period - Snap shot by Luke Schenn.
11:58 of 2nd period - Stopped by Jaroslav Halak with a rebound.
12:00 of 2nd period - Wrist shot by Chris Kunitz.
12:00 of 2nd period - Stopped by Jaroslav Halak with a rebound.
12:24 of 2nd period - Wrist shot by Derek Stepan.
12:24 of 2nd period - Deflect By Thomas Vanek.
12:24 of 2nd period - Shot Misses the Net.
12:24 of 2nd period - Puck is out of play.
12:25 of 2nd period - David Desharnais wins face-off versus Derek Stepan in Oilers zone.
13:18 of 2nd period - Cody Franson is hit by Brayden Schenn and loses puck.
13:31 of 2nd period - Slapshot by Andrew Ladd.
13:31 of 2nd period - Shot Misses the Net.
13:33 of 2nd period - Wrist shot by Andrew Ladd.
13:33 of 2nd period - Goal by Andrew Ladd - Oilers : 1 - Wild : 1.
13:34 of 2nd period - Nicklas Backstrom wins face-off versus Marcus Johansson in neutral zone.
14:40 of 2nd period - Snap shot by Henrik Zetterberg.
14:40 of 2nd period - Shot Misses the Net.
14:42 of 2nd period - Backhand shot by David Desharnais.
14:42 of 2nd period - Stopped by Ryan Miller with a rebound.
14:44 of 2nd period - Snap shot by Darren Helm.
14:44 of 2nd period - Stopped by Ryan Miller without a rebound.
14:45 of 2nd period - Brad Marchand wins face-off versus David Desharnais in Wild zone.
14:47 of 2nd period - Minor Penalty to Brad Marchand for Holding.
14:48 of 2nd period - Cody McCormick wins face-off versus David Desharnais in Wild zone.
14:48 of 2nd period - Cody McCormick is hit by Patrick Marleau.
15:58 of 2nd period - Wrist shot by Marcus Johansson.
15:58 of 2nd period - Stopped by Jaroslav Halak with a rebound.
16:21 of 2nd period - Nick Bonino is hit by Cody Franson and loses puck.
16:45 of 2nd period - Andrew Ladd is hit by Chris Kunitz and loses puck.
16:47 of 2nd period - Penalty to Brad Marchand is over, Brad Marchand is back on ice.
16:58 of 2nd period - Slapshot by Thomas Vanek.
16:58 of 2nd period - Shot Misses the Net.
17:00 of 2nd period - Slapshot by Bryce Salvador.
17:00 of 2nd period - Stopped by Jaroslav Halak without a rebound.
17:01 of 2nd period - Derek Stepan wins face-off versus Jamie McGinn in Oilers zone.
17:02 of 2nd period - Slapshot by Brad Marchand.
17:02 of 2nd period - Shot Misses the Net.
17:04 of 2nd period - Slapshot by Bryce Salvador.
17:04 of 2nd period - Shot Blocked by Henrik Zetterberg.
17:06 of 2nd period - Backhand shot by Bryce Salvador.
17:06 of 2nd period - Stopped by Jaroslav Halak with a rebound.
17:08 of 2nd period - Slapshot by Derek Stepan.
17:08 of 2nd period - Stopped by Jaroslav Halak without a rebound.
17:09 of 2nd period - Thomas Vanek wins face-off versus Henrik Zetterberg in Oilers zone.
17:10 of 2nd period - Wrist shot by Derek Stepan.
17:10 of 2nd period - Deflect By Brad Marchand.
17:10 of 2nd period - Shot Blocked by Henrik Zetterberg.
17:10 of 2nd period - Puck is out of play.
17:11 of 2nd period - Derek Stepan wins face-off versus Henrik Zetterberg in Oilers zone.
18:53 of 2nd period - Off-side.
18:54 of 2nd period - Marcus Johansson wins face-off versus Darren Helm in neutral zone.
18:57 of 2nd period - Jamie McGinn is hit by Chris Kunitz and loses puck.
19:09 of 2nd period - Snap shot by Trevor Lewis.
19:09 of 2nd period - Shot Misses the Net.
19:11 of 2nd period - Slapshot by Jason Demers.
19:11 of 2nd period - Stopped by Ryan Miller with a rebound.
19:13 of 2nd period - Wrist shot by Andrew MacDonald.
19:13 of 2nd period - Deflect By Jamie McGinn.
19:13 of 2nd period - Stopped by Ryan Miller with a rebound.
19:15 of 2nd period - Slapshot by Trevor Lewis.
19:15 of 2nd period - Shot Blocked by Cody Franson.
Goals for this period are 1 for Oilers vs 1 for Wild.
Shots for this period are 8 for Oilers vs 17 for Wild.

3rd period


0:01 of 3rd period - Henrik Zetterberg wins face-off versus Marcus Johansson in neutral zone.
0:14 of 3rd period - Slapshot by Jordan Eberle.
0:14 of 3rd period - Shot Blocked by Henrik Zetterberg.
0:30 of 3rd period - Wrist shot by Brayden Schenn.
0:30 of 3rd period - Shot Misses the Net.
0:38 of 3rd period - Wrist shot by Brayden Schenn.
0:38 of 3rd period - Stopped by Ryan Miller with a rebound.
0:52 of 3rd period - Marcus Johansson is hit by Niklas Hjalmarsson and loses puck.
1:23 of 3rd period - Brad Marchand is hit by Nicklas Backstrom and loses puck.
2:14 of 3rd period - Brayden McNabb is hit by Cody Franson and loses puck.
2:21 of 3rd period - Niklas Hjalmarsson is hit by Cody McCormick and loses puck.
3:14 of 3rd period - Bryce Salvador is hit by Jamie McGinn and loses puck.
3:27 of 3rd period - Ryan McDonagh is hit by Thomas Vanek and loses puck.
3:53 of 3rd period - Icing by Luke Schenn.
3:54 of 3rd period - Brayden Schenn wins face-off versus Marcus Johansson in Wild zone.
3:55 of 3rd period - Snap shot by Andrew Ladd.
3:55 of 3rd period - Shot Misses the Net.
4:25 of 3rd period - Luke Schenn is hit by Nicklas Backstrom and loses puck.
5:21 of 3rd period - Slapshot by Brayden Schenn.
5:21 of 3rd period - Shot Blocked by Luke Schenn.
6:08 of 3rd period - Thomas Vanek is hit by Jason Demers and loses puck.
6:19 of 3rd period - Jason Demers is hit by Luke Schenn and loses puck.
6:53 of 3rd period - Mark Streit is hit by Niklas Hjalmarsson and loses puck.
7:25 of 3rd period - Minor Penalty to Cody McCormick for Holding.
7:26 of 3rd period - Marcus Johansson wins face-off versus Andrew Ladd in Wild zone.
7:30 of 3rd period - Off-side.
7:31 of 3rd period - Nicklas Backstrom wins face-off versus Marcus Johansson in neutral zone.
7:33 of 3rd period - Minor Penalty to Darren Helm for Hooking.
7:34 of 3rd period - Derek Stepan wins face-off versus Nicklas Backstrom in Oilers zone.
8:10 of 3rd period - Derek Stepan is hit by Andrew Ladd and loses puck.
8:38 of 3rd period - Slapshot by Mark Streit.
8:38 of 3rd period - Stopped by Jaroslav Halak without a rebound.
8:39 of 3rd period - Henrik Zetterberg wins face-off versus Chris Kunitz in Oilers zone.
9:23 of 3rd period - Slapshot by David Desharnais.
9:23 of 3rd period - Stopped by Ryan Miller with a rebound.
9:25 of 3rd period - Penalty to Cody McCormick is over, Cody McCormick is back on ice.
9:25 of 3rd period - Slapshot by Niklas Hjalmarsson.
9:25 of 3rd period - Stopped by Ryan Miller with a rebound.
9:33 of 3rd period - Penalty to Darren Helm is over, Darren Helm is back on ice.
10:31 of 3rd period - Slapshot by Patrik Elias.
10:31 of 3rd period - Shot Misses the Net.
10:33 of 3rd period - Slapshot by Mark Streit.
10:33 of 3rd period - Stopped by Jaroslav Halak with a rebound.
10:53 of 3rd period - Snap shot by Patrick Marleau.
10:53 of 3rd period - Stopped by Ryan Miller with a rebound.
10:55 of 3rd period - Snap shot by Nicklas Backstrom.
10:55 of 3rd period - Shot Hit the Post.
10:57 of 3rd period - Slapshot by Ryan McDonagh.
10:57 of 3rd period - Stopped by Ryan Miller with a rebound.
10:59 of 3rd period - Wrist shot by Nick Bonino.
10:59 of 3rd period - Deflect By Nicklas Backstrom.
10:59 of 3rd period - Oilers goal is going for a video replay.
10:59 of 3rd period - The goal is refused. The puck has been directed, batted or thrown into the net by an attacking player other than with a stick..
11:00 of 3rd period - Patrick Marleau wins face-off versus Derek Stepan in Wild zone.
11:46 of 3rd period - Slapshot by Tuomo Ruutu.
11:46 of 3rd period - Deflect By Andrew Ladd.
11:46 of 3rd period - Stopped by Jaroslav Halak with a rebound.
12:28 of 3rd period - Wrist shot by Patrik Elias.
12:28 of 3rd period - Shot Misses the Net.
12:35 of 3rd period - Icing by Andrew MacDonald.
12:36 of 3rd period - Nicklas Backstrom wins face-off versus Marcus Johansson in Oilers zone.
14:12 of 3rd period - Patrik Elias is hit by Niklas Hjalmarsson and loses puck.
14:29 of 3rd period - Snap shot by Patrik Elias.
14:29 of 3rd period - Stopped by Jaroslav Halak with a rebound.
14:31 of 3rd period - Snap shot by Mark Streit.
14:31 of 3rd period - Shot Blocked by Darren Helm.
15:07 of 3rd period - Snap shot by Derek Stepan.
15:07 of 3rd period - Stopped by Jaroslav Halak with a rebound.
15:09 of 3rd period - Slapshot by Bryce Salvador.
15:09 of 3rd period - Deflect By David Desharnais.
15:09 of 3rd period - Stopped by Jaroslav Halak with a rebound.
15:11 of 3rd period - Slapshot by Marek Zidlicky.
15:11 of 3rd period - Shot Blocked by Taylor Fedun.
15:13 of 3rd period - Slapshot by Derek Stepan.
15:13 of 3rd period - Shot Misses the Net.
15:15 of 3rd period - Wrist shot by Brad Marchand.
15:15 of 3rd period - Stopped by Jaroslav Halak with a rebound.
15:17 of 3rd period - Slapshot by Luke Schenn.
15:17 of 3rd period - Shot Misses the Net.
15:49 of 3rd period - Tuomo Ruutu is hit by Henrik Zetterberg and loses puck.
16:25 of 3rd period - Icing by Cody McCormick.
16:26 of 3rd period - Cody McCormick wins face-off versus Patrick Marleau in Wild zone.
16:33 of 3rd period - Niklas Hjalmarsson is hit by Jonathan Ericsson and loses puck.
16:40 of 3rd period - Slapshot by Trevor Lewis.
16:40 of 3rd period - Deflect By Patrick Marleau.
16:40 of 3rd period - Stopped by Ryan Miller with a rebound.
18:27 of 3rd period - Minor Penalty to Jonathan Ericsson for Hooking.
18:28 of 3rd period - David Desharnais wins face-off versus Cody McCormick in Wild zone.
18:31 of 3rd period - Snap shot by Brayden Schenn.
18:31 of 3rd period - Goal by Brayden Schenn - Oilers : 2 - Wild : 1.
18:32 of 3rd period - Derek Stepan wins face-off versus Nicklas Backstrom in neutral zone.
18:35 of 3rd period - Nick Bonino is hit by Luke Schenn and loses puck.
19:00 of 3rd period - Wild, Ryan Miller is pulled from the net.
19:02 of 3rd period - Snap shot by Thomas Vanek.
19:02 of 3rd period - Stopped by Jaroslav Halak without a rebound.
19:03 of 3rd period - Joe Sacco call a timeout for Wild.
19:03 of 3rd period - Nick Bonino wins face-off versus Marcus Johansson in Oilers zone.
19:28 of 3rd period - Wrist shot by Jordan Eberle.
19:28 of 3rd period - Goal by Jordan Eberle - Oilers : 2 - Wild : 2.
19:28 of 3rd period - Ryan Miller from Wild was sent back in the game.
19:29 of 3rd period - Derek Stepan wins face-off versus Henrik Zetterberg in neutral zone.
19:32 of 3rd period - Niklas Hjalmarsson is hit by Cody Franson and loses puck.
19:37 of 3rd period - Wrist shot by Thomas Vanek.
19:37 of 3rd period - Stopped by Jaroslav Halak without a rebound.
19:38 of 3rd period - Henrik Zetterberg wins face-off versus Derek Stepan in Oilers zone.
19:38 of 3rd period - Henrik Zetterberg is hit by Luke Schenn.
19:44 of 3rd period - Snap shot by Derek Stepan.
19:44 of 3rd period - Shot Blocked by Trevor Lewis.
19:45 of 3rd period - Minor Penalty to Cody Franson for Boarding.
19:46 of 3rd period - Nicklas Backstrom wins face-off versus Cody McCormick in Wild zone.
Goals for this period are 1 for Oilers vs 1 for Wild.
Shots for this period are 8 for Oilers vs 10 for Wild.

Overtime #1


0:01 of 1st overtime period - Cody McCormick wins face-off versus Nicklas Backstrom in neutral zone.
1:19 of 1st overtime period - Wrist shot by Andrew Ladd.
1:19 of 1st overtime period - Stopped by Ryan Miller with a rebound.
1:43 of 1st overtime period - Jason Demers is hit by Marek Zidlicky and loses puck.
1:45 of 1st overtime period - Penalty to Cody Franson is over, Cody Franson is back on ice.
1:49 of 1st overtime period - Icing by Jason Demers.
1:50 of 1st overtime period - Derek Stepan wins face-off versus Henrik Zetterberg in Oilers zone.
2:10 of 1st overtime period - Snap shot by Chris Kunitz.
2:10 of 1st overtime period - Stopped by Jaroslav Halak with a rebound.
2:12 of 1st overtime period - Wrist shot by Cody Franson.
2:12 of 1st overtime period - Stopped by Jaroslav Halak without a rebound.
2:13 of 1st overtime period - Nicklas Backstrom wins face-off versus Cody McCormick in Oilers zone.
2:44 of 1st overtime period - Niklas Hjalmarsson is hit by Chris Kunitz and loses puck.
3:38 of 1st overtime period - Snap shot by Darren Helm.
3:38 of 1st overtime period - Stopped by Ryan Miller without a rebound.
3:39 of 1st overtime period - Darren Helm wins face-off versus Marcus Johansson in Wild zone.
4:14 of 1st overtime period - Jason Demers is hit by Brad Marchand and loses puck.
4:25 of 1st overtime period - Snap shot by Andrew Ladd.
4:25 of 1st overtime period - Shot Blocked by Mark Streit.
4:27 of 1st overtime period - Wrist shot by Niklas Hjalmarsson.
4:27 of 1st overtime period - Stopped by Ryan Miller without a rebound.
4:28 of 1st overtime period - Henrik Zetterberg wins face-off versus Cody McCormick in Wild zone.
4:37 of 1st overtime period - Slapshot by Nicklas Backstrom.
4:37 of 1st overtime period - Shot Misses the Net.
4:39 of 1st overtime period - Slapshot by Andrew MacDonald.
4:39 of 1st overtime period - Deflect By Nicklas Backstrom.
4:39 of 1st overtime period - Shot Misses the Net.
4:39 of 1st overtime period - Puck is out of play.
4:40 of 1st overtime period - Nicklas Backstrom wins face-off versus Chris Kunitz in Wild zone.
4:43 of 1st overtime period - Wrist shot by Darren Helm.
4:43 of 1st overtime period - Shot Misses the Net.
4:45 of 1st overtime period - Snap shot by Jason Demers.
4:45 of 1st overtime period - Shot Blocked by Chris Kunitz.
Goals for this period are 0 for Oilers vs 0 for Wild.
Shots for this period are 3 for Oilers vs 2 for Wild.

ShootOut


5:00 of 1st overtime period - Penalty Shot by David Desharnais for Oilers.
5:00 of 1st overtime period - Deke by David Desharnais.
5:00 of 1st overtime period - Stopped by Ryan Miller.
5:00 of 1st overtime period - Penalty Shot by Jordan Eberle for Wild.
5:00 of 1st overtime period - Deke by Jordan Eberle.
5:00 of 1st overtime period - Stopped by Jaroslav Halak.
5:00 of 1st overtime period - Penalty Shot by Andrew Ladd for Oilers.
5:00 of 1st overtime period - Backhand shot by Andrew Ladd.
5:00 of 1st overtime period - Goal by Andrew Ladd.
5:00 of 1st overtime period - Penalty Shot by Chris Kunitz for Wild.
5:00 of 1st overtime period - Snap shot by Chris Kunitz.
5:00 of 1st overtime period - Goal by Chris Kunitz.
5:00 of 1st overtime period - Penalty Shot by Darren Helm for Oilers.
5:00 of 1st overtime period - Snap shot by Darren Helm.
5:00 of 1st overtime period - Stopped by Ryan Miller.
5:00 of 1st overtime period - Penalty Shot by Max Talbot for Wild.
5:00 of 1st overtime period - Snap shot by Max Talbot.
5:00 of 1st overtime period - Stopped by Jaroslav Halak.
5:00 of 1st overtime period - Penalty Shot by Nick Bonino for Oilers.
5:00 of 1st overtime period - Deke by Nick Bonino.
5:00 of 1st overtime period - Goal by Nick Bonino.
5:00 of 1st overtime period - Penalty Shot by Brad Marchand for Wild.
5:00 of 1st overtime period - Wrist shot by Brad Marchand.
5:00 of 1st overtime period - Goal by Brad Marchand.
5:00 of 1st overtime period - Penalty Shot by Nicklas Backstrom for Oilers.
5:00 of 1st overtime period - Deke by Nicklas Backstrom.
5:00 of 1st overtime period - Stopped by Ryan Miller.
5:00 of 1st overtime period - Penalty Shot by Cody McCormick for Wild.
5:00 of 1st overtime period - Deke by Cody McCormick.
5:00 of 1st overtime period - Shot Misses the Net.
5:00 of 1st overtime period - Penalty Shot by Patrick Marleau for Oilers.
5:00 of 1st overtime period - Deke by Patrick Marleau.
5:00 of 1st overtime period - Stopped by Ryan Miller.
5:00 of 1st overtime period - Penalty Shot by Thomas Vanek for Wild.
5:00 of 1st overtime period - Deke by Thomas Vanek.
5:00 of 1st overtime period - Stopped by Jaroslav Halak.
5:00 of 1st overtime period - Penalty Shot by Henrik Zetterberg for Oilers.
5:00 of 1st overtime period - Deke by Henrik Zetterberg.
5:00 of 1st overtime period - Goal by Henrik Zetterberg.
5:00 of 1st overtime period - Penalty Shot by Tuomo Ruutu for Wild.
5:00 of 1st overtime period - Backhand shot by Tuomo Ruutu.
5:00 of 1st overtime period - Shot Misses the Net.